Cogmind - Beta 13 @@@ ROGUE MODE // 2024.06.18 @ 23:13:48 Player: paplal Result: Destroyed by G-34 Mercenary with Small Laser Performance ------------- Evolutions (1) 500 Regions Visited (2) 400 Robots Destroyed (6) 30 Value Destroyed (192) 192 Prototype IDs (0) 0 Alien Tech Used (0) 0 Bonus (0) 0 TOTAL SCORE: 1122 Bonus ------- None Cogmind --------- Core Integrity 0/400 Matter 300/300 Energy 100/100 System Corruption 0% Temperature Cool (6) Movement Core (50) Location -9/Materials Parts ------- > --- POWER (1) -------- (None) > --- PROPULSION (2) --- (None) > --- UTILITY (4) ------ Terrain Scan Processor > --- WEAPON (2) ------- (None) > --- INVENTORY (5) ---- Ion Engine Light Ion Engine Faulty Heavy Ion Engine Light Nuclear Core Improved Treads Peak State ------------ > --- POWER ------------ Light Ion Engine > --- PROPULSION ------- Light Treads Improved Treads > --- UTILITY ---------- Small Storage Unit Sensor Array Terrain Scan Processor Shield Generator > --- WEAPON ----------- Medium Laser Plasma Cutter > --- INVENTORY -------- Ion Engine Light Ion Engine Heavy Ion Engine Light Nuclear Core Light Treads Improved Treads [Rating: 14] Favorites ----------- Power Light Ion Engine Engine Light Ion Engine Propulsion Aluminum Leg Treads Improved Treads Leg Aluminum Leg Utility Small Storage Unit Device Sensor Array Storage Small Storage Unit Processor Terrain Scan Processor Weapon Medium Laser Energy Gun Medium Laser Special Weapon Plasma Cutter Build | -11 -10 -9 ------- Run | Yrd Mat Mat Slots Evolved 2 | . . 2 Power . | . . . Propulsion . | . . . Utility 2 | . . 2 Weapon . | . . . Parts Attached 12 | 3 6 3 Power 1 | . 1 . Engine 1 | . 1 . Core . | . . . Reactor . | . . . Propulsion 4 | 2 2 . Treads 2 | . 2 . Leg 2 | 2 . . Wheel . | . . . Hover . | . . . Flight . | . . . Utility 4 | 1 1 2 Device 2 | . 1 1 Storage 1 | 1 . . Processor 1 | . . 1 Hackware . | . . . Protection . | . . . Artifact . | . . . Weapon 3 | . 2 1 Energy Gun 2 | . 2 . Energy Cannon . | . . . Ballistic Gun . | . . . Ballistic Cannon . | . . . Launcher . | . . . Special Weapon 1 | . . 1 Impact Weapon . | . . . Slashing Weapon . | . . . Piercing Weapon . | . . . Special Melee Weapon . | . . . Unidentified Prototypes . | . . . Parts Lost 9 | . 1 8 Power 1 | . . 1 Propulsion 2 | . . 2 Utility 3 | . . 3 Weapon 3 | . 1 2 Highest Loss Streak 8 | . 1 8 To Critical Strikes . | . . . Average Slot Usage (%) 71 | . 70 72 Engine 8 | . 7 8 Treads 13 | . 8 16 Leg 7 | . 16 . Device 13 | . 7 17 Storage 12 | . 14 10 Processor 6 | . . 11 Energy Gun 10 | . 16 6 Naked Turns . | . . . Heaviest Build 14 | 5 13 14 Greatest Support 43 | 20 43 43 Greatest Overweight (x) 4 | 1 4 . Average Overweight (x) . | . . . Largest Inventory Capacity 8 | 8 8 8 Average Capacity 7 | 7 8 7 Most Carried 8 | 8 7 7 Average Carried 5 | 5 4 5 Final Capacity 8 | 8 8 5 Final Carried 7 | 6 7 5 Class Distribution -------------------- 100% | Mutant Dominant Class ---------------- Mutant | -10/Materials Mutant | -9/Materials Resources | -11 -10 -9 ----------- Run | Yrd Mat Mat Matter Collected 305 | 161 124 20 Remotely . | . . . Salvage Created 294 | . 235 59 Parts 9 | . 8 1 Haulers Intercepted . | . . . Recyclers Shooed . | . . . Parts Field Recycled . | . . . Retrieved Matter . | . . . Parts Self-Destructed . | . . . Prevented . | . . . Kills | -11 -10 -9 ------- Run | Yrd Mat Mat Combat Hostiles Destroyed 4 | . 3 1 Guns 4 | . 3 1 Classes Destroyed 4 | . 3 1 Recycler 1 | . 1 . Watcher 1 | . 1 . Grunt 3 | . 3 . Sentry 1 | . . 1 Best Kill Streak 3 | . 3 1 Combat Bots Only 1 | . 1 1 Max Kills in Single Turn 1 | . 1 1 Gunslinging . | . . . Exploded . | . . . Melee . | . . . Uniques/NPCs Destroyed . | . . . Combat | -11 -10 -9 -------- Run | Yrd Mat Mat Hostile Shots Fired 140 | . 21 119 Missed 28 | . 8 20 Damage Taken 1203 | . 212 991 Core 419 | . 12 407 Absorbed by Shields 134 | . . 134 Core Remaining (%) 97 | 100 95 . Volleys Fired 25 | . 20 5 Largest 2 | . 2 2 Hottest 90 | . 90 70 Shots Fired 36 | . 30 6 Gun 35 | . 30 5 Cannon . | . . . Launcher . | . . . Special 1 | . . 1 Kinetic . | . . . Thermal 26 | . 20 6 Explosive . | . . . Electromagnetic 10 | . 10 . Robot Hit Streak 14 | . 8 14 Robot Miss Streak 2 | . 2 . Penetration Max . | . . . Secondary Targets . | . . . Shots Hit Robots 28 | . 22 6 Core Hits 12 | . 10 2 Critical Kills . | . . . Critical Parts Destroyed . | . . . Critical Strikes 3 | . 3 . Burn 3 | . 3 . Melee Attacks . | . . . Impact . | . . . Slashing . | . . . Piercing . | . . . Sneak Attacks . | . . . Combat Hostiles . | . . . Follow-up Attacks . | . . . Damage Inflicted 393 | . 318 75 Guns 350 | . 285 65 Cannons . | . . . Explosions 31 | . 31 . Melee . | . . . Ramming 2 | . 2 . Kinetic . | . . . Thermal 294 | . 219 75 Explosive . | . . . Electromagnetic 97 | . 97 . Impact . | . . . Slashing . | . . . Piercing . | . . . Highest Corruption . | . . . Average Corruption . | . . . Corruption Purged . | . . . Corruption Blocked . | . . . Overload Shots . | . . . Overflow Damage . | . . . Projectiles . | . . . Explosions . | . . . Melee . | . . . Knockbacks . | . . . Impact . | . . . Kinetic . | . . . Secondary . | . . . Self-Inflicted Damage 38 | . 38 . Shots 1 | . 1 . Rammed 1 | . 1 . Targets Rammed 1 | . 1 . Kicked . | . . . Crushed . | . . . Highest Temperature 87 | . 87 18 Average Temperature 32 | . 35 9 Received Heat Transfer 603 | . 99 504 Siege Activations . | . . . Robots Corrupted . | . . . Combat Hostiles . | . . . Parts Fried . | . . . Impact Corruptions . | . . . Robots Melted . | . . . Combat Hostiles . | . . . Parts Melted 3 | . 3 . Heat Transferred 1049 | . 827 222 Parts Sabotaged . | . . . Parts Stolen . | . . . Parts Stripped . | . . . Power Chain Reactions 1 | . 1 . Alert | -11 -10 -9 ------- Run | Yrd Mat Mat Peak Influence 121 | . 121 95 Initial 50 | . . 50 Average 57 | . 67 62 Maximum Alert Level . | . . . Low Security (%) 100 | 100 100 100 Level 1 . | . . . Level 2 . | . . . Level 3 . | . . . Level 4 . | . . . Level 5 . | . . . High Security . | . . . Max Security . | . . . Squads Dispatched 1 | . . 1 Investigation 1 | . . 1 Extermination . | . . . Reinforcement . | . . . Assault . | . . . Garrison . | . . . Intercept . | . . . Searches Triggered . | . . . Construction Impeded . | . . . Haulers Reinforced . | . . . Active Scanning Responses . | . . . Cargo Convoy Interrupts . | . . . Stealth | -11 -10 -9 --------- Run | Yrd Mat Mat Distress Signals 1 | . 1 . Communications Jammed . | . . . Distress Signals . | . . . Times Spotted 7 | . 4 3 Peak Tracking Total 4 | . 4 2 Tactical Retreats . | . . . Traps | -11 -10 -9 ------- Run | Yrd Mat Mat Traps Triggered . | . . . Indirectly . | . . . Trap Hack Attempts . | . . . Triggered . | . . . Disarmed . | . . . Reprogrammed 6 | . 6 . Reused . | . . . Traps Extracted . | . . . Installed . | . . . Triggered . | . . . Machines | -11 -10 -9 ---------- Run | Yrd Mat Mat Machines Disabled 1 | . 1 . Max in Single Turn 1 | . 1 . Machines Repaired . | . . . Machines Dismantled . | . . . Machines Sabotaged . | . . . Overloaded Fab Kills . | . . . Hacking | -11 -10 -9 --------- Run | Yrd Mat Mat Machines Accessed 2 | . 1 1 Terminals 2 | . 1 1 Fabricators . | . . . Repair Stations . | . . . Recycling Units . | . . . Scanalyzers . | . . . Garrison Access . | . . . Total Hacks 6 | . 4 2 Successful 2 | . 2 . Failed 4 | . 2 2 Catastrophic . | . . . Database Lockouts . | . . . Manual . | . . . Terminals 6 | . 4 2 Fabricators . | . . . Repair Stations . | . . . Recycling Units . | . . . Scanalyzers . | . . . Garrison Access . | . . . Terminal Hacks 2 | . 2 . Locate Traps 1 | . 1 . Reprogram Traps 1 | . 1 . Fabricator Hacks . | . . . Repair Station Hacks . | . . . Recycling Unit Hacks . | . . . Scanalyzer . | . . . Garrison Access Hacks . | . . . Unauthorized Hacks . | . . . Terminals . | . . . Fabricators . | . . . Repair Stations . | . . . Recycling Units . | . . . Scanalyzers . | . . . Garrison Access . | . . . Data Cores Recovered . | . . . Used . | . . . Hacking Detections 2 | . 1 1 Full Trace Events 1 | . . 1 Feedback Events . | . . . Feedback Blocked . | . . . Robot Schematics Acquired . | . . . Robots Built . | . . . Authchips . | . . . Time . | . . . Total Robot Build Rating . | . . . Part Schematics Acquired . | . . . Parts Built . | . . . Authchips . | . . . Time . | . . . Total Part Build Rating . | . . . Parts Repaired . | . . . Time . | . . . Parts Recycled . | . . . Recycled Matter . | . . . Retrieved Matter . | . . . Retrieved Components . | . . . Parts Scanalyzed . | . . . Part Schematics Acquired . | . . . Parts Damaged . | . . . Bothacking | -11 -10 -9 ------------ Run | Yrd Mat Mat Used RIF Installer . | . . . Robots Hacked . | . . . Non-combat . | . . . Combat . | . . . Robot Hacks Applied . | . . . Relay Couplers Released . | . . . Fabnet Peak Effective % . | . . . Robots Rewired . | . . . Allies Hacked . | . . . Hacks Repelled . | . . . Allies | -11 -10 -9 -------- Run | Yrd Mat Mat Total Allies . | . . . Largest Group . | . . . Highest-Rated Group . | . . . Highest-Rated Ally . | . . . Total Orders . | . . . Ally Attacks . | . . . Total Damage . | . . . Kills . | . . . Allies Corrupted . | . . . Allies Melted . | . . . Intel | -11 -10 -9 ------- Run | Yrd Mat Mat Robot Analysis Total . | . . . Derelict Logs Recovered . | . . . Drone Launches . | . . . Drone Recoveries . | . . . Exploration | -11 -10 -9 ------------- Run | Yrd Mat Mat Turns Passed 520 | 54 197 269 Spaces Moved 235 | 44 97 94 Core 24 | 21 3 . Treads 117 | . 23 94 Legs 94 | 23 71 . Wheels . | . . . Hover . | . . . Flight . | . . . Fastest Speed 50 | 50 120 160 Average Speed 137 | 97 133 160 Slowest Speed 250 | 120 250 160 Overloaded Moves . | . . . Propulsion Burnouts . | . . . Robots Hopped . | . . . Cave-ins Triggered . | . . . Exploration Rate (%) 12 | 3 23 10 Regions Visited 2 Branch Regions . Pre-discovered Areas . | . . . Known Exits Taken . | . . . Unknown Exits Taken 2 | 1 1 . Scrap Searched . | . . . Spaces Dug . | . . . Terrain Destroyed 4 | . 4 . Melee . | . . . Projectile . | . . . AOE 4 | . 4 . Terrain Rammed . | . . . Walls Destroyed . | . . . Machines Disabled . | . . . Actions | -11 -10 -9 --------- Run | Yrd Mat Mat Total 394 | 54 135 205 Wait 104 | . 3 101 Move 233 | 43 96 94 Hop . | . . . Pick Up 17 | 8 7 2 Fast Attach 1 | 1 . . Attach 11 | 2 6 3 Detach . | . . . Swap . | . . . Drop 2 | . 2 . Fire 25 | . 20 5 Melee . | . . . Ram . | . . . Kick . | . . . Crush 1 | . 1 . Escape Stasis . | . . . Rewire . | . . . Trap . | . . . Miscellaneous . | . . . Route ------- -11/Scrapyard -10/Materials -9/Materials History --------- Turn | Location | Event 17 | -11/Scrapyard | Discovered new exit (range 15) 55 | -11/Scrapyard | Entered Materials 157 | -10/Materials | Discovered new exit (range 15) 252 | -10/Materials | Entered another Materials area 252 | -9/Materials | Evolved 2 slots: Utility x2 312 | -9/Materials | Build established: Mutant 490 | -9/Materials | Core integrity fell below 50% 510 | -9/Materials | Core integrity fell below 20% 521 | -9/Materials | Destroyed by G-34 Mercenary with Small Laser Last Messages --------------- LOCATION=UNKNOWN GOAL=ESCAPE 00277_ Connecting with Repair Station... 00277_ Current location identified: Materials 00344_ Acquired Prototype Engine. 00354_ Y-45 Defender destroyed. 00356_ Acquired 20 matter. 00359_ Acquired Plasma Cutter. 00368_ Connecting with Terminal... 00368_ ALERT: Suspicious activity at Terminal M006. Dispatching Investigation squad. 00427_ Med. Laser destroyed. 00436_ Plasma Cutter destroyed. 00457_ Lgt. Treads destroyed. 00461_ Lgt. Ion Engine destroyed. 00465_ Sensor Array destroyed. 00468_ Imp. Treads destroyed. 00488_ Shield Generator destroyed. 00493_ K-01 Serf collects debris. 00518_ Sml. Storage Unit destroyed. Map ----- +----------------------------------------------------+ | | | | | | | | | | | | | | | | | | | | | | | | | | | | | | | | | | | ????????????###########????????????????????###### | | ????????????# #????????????????????#|| # | | ????????????# #????##############??# # | | ????????????# #????# # #??#*% # | | ??########### #????# + #??# "" # | | ??# ####+########### """ # #### "" # | | ??# """ + + """ # + "T # | | ??# """ ####### gg## """ + # "" # | | ??# """ #?????# #### @## # # "" # | | ### !!! #?????#+#??# ######### !! # # | | # !! " " #??????????# ^ !! ### ## | | # !! "R" #??????????# !! #?###? | | # """ #??????????# #????? | | ###/#######??????????# #????? | | #?????????????# ###+###### #????? | | #?????????????#r """ #? ????# #????? | | #?????????????+ """ #? "????? #????? | | ###### #?????????????# """ #? "????? #????? | | ?????? #?????????????# #? "????? #????? | | ?????? #?????????????# ?? #? ?????? #????? | | ?????? +?????????????+ ???? ?????? #????? | | ?????? #?????????????##### ???? ?????? ?????? | | ?????? #?????????????????? ????? ?????? ?????? | | ?????? #??????????????????????????????????????? | | ?????? #??????????????????????????????????????? | | ??????? #??????????????????????????????????????? | | ??????? #??????????????????????????????????????? | | ??????? #??????????????????????????????????????? | | ??????? ????????????????????????????????????????? | | ????????????????????????????????????????????????? | | ????????????????????????????????????????????????? | | ????????????????????????????????????????????????? | | ????????????????????????????????????????????????? | +----------------------------------------------------+ Best States ------------- Heat Dissipation 28 Energy Generation 10 Energy Capacity 125 Matter Stores 300 Matter Capacity 300 Sight Range 16 Robot Scan Range 14 Terrain Scan Density 85 Evasion (%) 55 Recoil Reduction 2 Item Schematics ----------------- None Robot Schematics ------------------ None Fabricated ------------ Nothing Alien Tech Used ----------------- None Achievements -------------- None Challenges ------------ None Game ------ Seed ShadeGuidedTerminator Manual? 0 Play Time 00:06:49 Cumulative 18.3 hours Start 2024.06.18 @ 23:08:54 End 2024.06.18 @ 23:13:48 Sessions 1 Manual Loads 0 Difficulty Rogue Special Mode None Game No. 31 Rogue 31 Adventurer 0 Explorer 0 Win Type - Total 0 Types 0/0/0/0/0/0/0/0/0 Lore% 14 Gallery% 24 Achievement% 17 Wizard Run 0 Options --------- Layout 2 ASCII 0 Keyboard 0 Movement Mouse Keybinds 0 Fullscreen 1 Font 48/Smallcaps Map View 50x44 Zoom Use 0% Tactical HUD 1 Map Filters NONE Filters NONE Steam 1 RUN: 69d2ab19-836d-4585-af66-9757fb88f389